[Event "Titled Tuesday Blitz April 19 Early 2022"]
[White "Papp, Levente"]
[Black "Palachev, Petr"]
[WhiteFideId "751243"]
[BlackFideId "24129003"]
[WhiteElo "2308"]
[BlackElo "2339"]
[Result "1/2-1/2"]
[Round "09"]
[TimeControl "180+1"]
[Date "2022.04.19"]
[WhiteClock "0:00:05"]
[BlackClock "0:00:03"]

1. c4 e6 2. Nf3 d5 3. g3 Nf6 4. Bg2 dxc4 5. Na3 Bxa3 6. bxa3 O-O 7. Qa4 Qd5 8. Bb2 Bd7 9. Qc2 Bc6 10. Rc1 b5 11. O-O Qe4 12. d3 cxd3 13. exd3 Qa4 14. Qc5 Bd5 15. Qe7 Nc6 16. Qxc7 Rac8 17. Qd6 Rfd8 18. Qc5 b4 19. axb4 Qxb4 20. Ba3 Qxc5 21. Bxc5 Bxa2 22. d4 Bd5 23. Ra1 Ra8 24. Ra6 Rdc8 25. Rfa1 h6 26. Nd2 Bxg2 27. Kxg2 Nd5 28. Nc4 g6 29. Nd6 Rc7 30. Nb5 Rcc8 31. Nd6 Rc7 32. Nb5 Rcc8 33. Nxa7 Nxa7 34. Rxa7 Rxa7 35. Rxa7 Kg7 36. h4 h5 37. Rb7 Rc6 38. f3 Ra6 39. g4 Ra2+ 40. Kg3 hxg4 41. fxg4 Ra3+ 42. Kf2 Ra2+ 43. Kf3 Rh2 44. Bd6 Rh3+ 45. Kg2 Rxh4 46. Be5+ Kf8 47. Kg3 Rh1 48. Bd6+ Ke8 49. Be5 g5 50. Kf3 f6 51. Bd6 Rf1+ 52. Kg2 Rd1 53. Rb8+ Kd7 54. Bc5 Nf4+ 55. Kf3 Rf1+ 56. Ke4 Re1+ 57. Kf3 f5 58. gxf5 exf5 59. Rf8 Ne6 60. Rxf5 Rf1+ 61. Kg4 Rg1+ 62. Kf3 g4+ 63. Kf2 Rd1 64. Rd5+ Ke8 65. Kg3 Rg1+ 66. Kf2 Rd1 67. Kg3 Rg1+ 68. Kf2 Rd1 1/2-1/2


[Site "https://www.chess.com"]

[Event "Titled Tuesday Blitz April 19 Early 2022"]
[White "Paravyan, David"]
[Black "Urazayev, Arystanbek"]
[WhiteFideId "4194985"]
[BlackFideId "13709810"]
[WhiteElo "2569"]
[BlackElo "2422"]
[Result "1-0"]
[Round "09"]
[TimeControl "180+1"]
[Date "2022.04.19"]
[WhiteClock "0:00:58"]
[BlackClock "0:00:09"]

1. e4 c6 2. d4 d5 3. e5 c5 4. Nf3 cxd4 5. Nxd4 Nc6 6. Nxc6 bxc6 7. Bd3 e6 8. O-O a5 9. Nd2 Ne7 10. Nf3 Ng6 11. Re1 Ba6 12. Bxg6 hxg6 13. Bg5 Qb6 14. Qd2 c5 15. b3 Bb7 16. Qf4 d4 17. Rad1 Rh5 18. h4 Qc6 19. c3 dxc3 20. Rd3 Be7 21. Bxe7 Rf5 22. Qc1 Kxe7 23. Red1 Ke8 24. Qxc3 Kf8 25. Rd6 Qc7 26. Rd7 Qc6 27. R1d6 Qb5 28. a4 Rxf3 29. gxf3 1-0


[Site "https://www.chess.com"]

[Event "Titled Tuesday Blitz April 19 Early 2022"]
[White "Pesotskiy, Mikhail"]
[Black "Yanayt, Eugene"]
[WhiteFideId "34164453"]
[BlackFideId "2020165"]
[WhiteElo "2010"]
[BlackElo "2046"]
[Result "1-0"]
[Round "09"]
[TimeControl "180+1"]
[Date "2022.04.19"]
[WhiteClock "0:02:03"]
[BlackClock "0:00:33"]

1. d4 Nf6 2. c4 g6 3. Nc3 Bg7 4. e4 d6 5. f3 O-O 6. Be3 c5 7. dxc5 dxc5 8. Qxd8 Rxd8 9. Bxc5 Nc6 10. Nge2 Nd7 11. Be3 Nde5 12. Nf4 e6 13. Rc1 Bf8 14. Be2 g5 15. Nh5 Be7 16. O-O Bd7 17. Rfd1 f5 18. exf5 exf5 19. Nd5 Kf7 20. Nxe7 Nxe7 21. Bxg5 Be6 22. Nf4 1-0


[Site "https://www.chess.com"]

[Event "Titled Tuesday Blitz April 19 Early 2022"]
[White "Petrovic, Aleksa"]
[Black "Chandratreya, Prachiti"]
[WhiteFideId "967629"]
[BlackFideId "46611215"]
[WhiteElo "2198"]
[BlackElo "1737"]
[Result "1-0"]
[Round "09"]
[TimeControl "180+1"]
[Date "2022.04.19"]
[WhiteClock "0:00:10"]
[BlackClock "0:00:24"]

1. d4 Nf6 2. c4 g6 3. Nc3 Bg7 4. e4 d6 5. Be2 O-O 6. Bg5 Nbd7 7. Qd2 c5 8. d5 Rb8 9. Nf3 a6 10. a4 b6 11. O-O Ne5 12. Ne1 b5 13. axb5 axb5 14. cxb5 Bg4 15. f3 Bc8 16. f4 Ned7 17. Nf3 Qb6 18. Qe1 c4+ 19. Kh1 Nc5 20. Bxc4 h6 21. Bh4 Bd7 22. b4 Nb7 23. e5 dxe5 24. fxe5 Nh5 25. Bxe7 Rfe8 26. d6 Nf4 27. g3 Rbc8 28. Nd2 Qd4 29. Rxf4 Qxc3 30. Bxf7+ Kh7 31. Bxe8 Bxe8 32. Nf3 Qd3 33. e6 Bxb5 34. d7 Rg8 35. d8=Q Nxd8 36. Bxd8 Rxd8 37. e7 Re8 38. Rd1 Qb3 39. Nd4 Qd5+ 40. Qe4 Qd7 41. Rf7 Bc4 42. Rxg7+ Kxg7 43. Qe5+ Kh7 44. Qf6 Qxe7 45. Qxe7+ Rxe7 46. b5 Bd5+ 47. Kg1 Rd7 48. Rb1 Bc4 49. Nc6 Rb7 50. b6 Bd5 51. Na5 Rb8 52. b7 Kg7 53. Rc1 Kf6 54. Rc8 Rxb7 55. Nxb7 Bxb7 56. Rc7 Be4 57. Kf2 h5 58. Ke3 Bf5 59. Kf4 g5+ 60. Ke3 Bg4 61. Rc6+ Kf5 62. Rc5+ Kf6 63. Ke4 Be2 64. Rc6+ Kg7 65. Kf5 Bf3 66. Rc7+ Kf8 67. Kxg5 Bg4 68. Rh7 Kg8 69. Rxh5 Bxh5 70. Kxh5 Kh7 71. g4 Kg7 72. h4 Kh7 73. g5 Kg7 74. g6 Kg8 75. Kh6 Kh8 76. g7+ Kg8 77. h5 Kf7 78. Kh7 Kf6 79. g8=Q Kf5 80. Qd5+ Kf4 81. Kg6 Kg3 82. Kg5 Kf2 83. Kf4 Ke1 84. Ke3 Kf1 85. Qh1# 1-0


[Site "https://www.chess.com"]

[Event "Titled Tuesday Blitz April 19 Early 2022"]
[White "Pinheiro, Iung Alicio de O."]
[Black "Mekhitarian, Krikor Sevag"]
[WhiteFideId "2104350"]
[BlackFideId "2107660"]
[WhiteElo "2563"]
[BlackElo "2598"]
[Result "1-0"]
[Round "09"]
[TimeControl "180+1"]
[Date "2022.04.19"]
[WhiteClock "0:00:10"]
[BlackClock "0:00:01"]

1. c4 c5 2. g3 Nc6 3. Bg2 g6 4. Nc3 Bg7 5. a3 a5 6. Rb1 d6 7. Nh3 e5 8. d3 Nge7 9. O-O O-O 10. f4 h6 11. Qd2 Be6 12. b3 b6 13. Bb2 Qd7 14. Nf2 f5 15. e3 Bf7 16. Rbe1 Rae8 17. Kh1 Kh7 18. Nd5 Nxd5 19. cxd5 Na7 20. e4 Nb5 21. fxe5 dxe5 22. Bh3 Nd4 23. Qd1 Bg8 24. b4 axb4 25. axb4 cxb4 26. Bxd4 exd4 27. Qb3 Qd6 28. Rb1 fxe4 29. dxe4 d3 30. Bg2 d2 31. Qd3 Bc3 32. Nd1 Rxf1+ 33. Qxf1 Rf8 34. Qd3 Qe5 35. Ne3 Qd4 36. Qe2 Re8 37. Nc2 Qxd5 38. Rd1 Qc4 39. Qf3 Qf7 40. Qe2 Qe7 41. Ne3 Qc5 42. Rb1 Be6 43. Bf3 Rf8 44. Kg2 Qd4 45. Nd5 Qe5 46. Nf4 Bf7 47. Qd3 Qe7 48. Nd5 Qe5 49. Nxb4 Re8 50. Nc2 Rc8 51. Rxb6 h5 52. Rb7 Kg8 53. Ne3 Bd4 54. Nd5 Bxd5 55. exd5 Qf6 56. d6 Qxd6 57. Qb3+ Kh8 58. Qf7 d1=Q 59. Qh7# 1-0


[Site "https://www.chess.com"]

[Event "Titled Tuesday Blitz April 19 Early 2022"]
[White "Pires, Marcos Vinicius Torsani"]
[Black "Fernandez Hernandez, Gerardo"]
[WhiteFideId "2118939"]
[BlackFideId "2207400"]
[WhiteElo "2273"]
[BlackElo "2118"]
[Result "1-0"]
[Round "09"]
[TimeControl "180+1"]
[Date "2022.04.19"]
[WhiteClock "0:01:01"]
[BlackClock "0:00:02"]

1. e4 e6 2. d4 d5 3. Nd2 Nc6 4. Ngf3 Nf6 5. e5 Nd7 6. Be2 f6 7. exf6 Qxf6 8. Nf1 Bd6 9. Ne3 O-O 10. O-O Qg6 11. c4 Nf6 12. c5 Bf4 13. Bb5 Qh6 14. Bxc6 bxc6 15. g3 Bxe3 16. Bxe3 Qh5 17. Ne5 Qh3 18. f3 Ba6 19. Rf2 Nh5 20. Rg2 Rf6 21. Nxc6 Raf8 22. Ne5 h6 23. Qd2 g5 24. b4 Bc4 25. Re1 Ng7 26. g4 1-0


[Site "https://www.chess.com"]

[Event "Titled Tuesday Blitz April 19 Early 2022"]
[White "Popadic, Dragan"]
[Black "Palacio,Igor Da Paz"]
[WhiteFideId "913650"]
[BlackFideId "2121140"]
[WhiteElo "2203"]
[BlackElo "2144"]
[Result "1-0"]
[Round "09"]
[TimeControl "180+1"]
[Date "2022.04.19"]
[WhiteClock "0:00:56"]
[BlackClock "0:00:01"]

1. e4 Nf6 2. e5 Nd5 3. d4 d6 4. Nf3 Bg4 5. Be2 e6 6. exd6 cxd6 7. h3 Bh5 8. c4 Nb6 9. Nc3 Be7 10. d5 e5 11. g4 Bg6 12. Bd3 N8d7 13. Be3 Rc8 14. b3 Nc5 15. Bxc5 Rxc5 16. h4 Nd7 17. h5 Bxd3 18. Qxd3 Rc8 19. Ne4 Nc5 20. Nxc5 Qa5+ 21. Nd2 Qxc5 22. Ne4 Qb6 23. g5 h6 24. g6 f5 25. Ng3 O-O 26. Nxf5 Bg5 27. O-O Rce8 28. Ng3 Rf4 29. Kg2 Ref8 30. f3 Qd8 31. c5 Qd7 32. cxd6 Qxd6 33. Rad1 Qd7 34. d6 Rh4 35. Rh1 Rhf4 36. Qd5+ Kh8 37. Rdf1 Qf5 38. Nxf5 R4xf5 39. d7 Rd8 40. Rd1 1-0


[Site "https://www.chess.com"]

[Event "Titled Tuesday Blitz April 19 Early 2022"]
[White "Pourkashiyan, Atousa"]
[Black "Przybylski, Wojciech"]
[WhiteFideId "12502014"]
[BlackFideId "1117599"]
[WhiteElo "2247"]
[BlackElo "2133"]
[Result "1-0"]
[Round "09"]
[TimeControl "180+1"]
[Date "2022.04.19"]
[WhiteClock "0:00:23"]
[BlackClock "0:00:09"]

1. e4 c5 2. Nf3 e6 3. d4 cxd4 4. Nxd4 Nc6 5. Nc3 Qc7 6. Be2 a6 7. O-O Nf6 8. Be3 Be7 9. f4 d6 10. Bd3 O-O 11. Qf3 Bd7 12. Nb3 b5 13. Rae1 b4 14. Ne2 e5 15. f5 Na5 16. Ng3 Nc4 17. Bc1 a5 18. Kh1 a4 19. Nd2 Nxd2 20. Bxd2 Qb7 21. Bg5 Bc6 22. Bxf6 Bxf6 23. Nh5 Qe7 24. Qg4 Kh8 25. Rf3 d5 26. Rh3 dxe4 27. Bxe4 Bxe4 28. Qxe4 Rad8 29. Nxg7 Kxg7 30. Rf1 Rd4 31. Qf3 Rf4 32. Qg3+ Bg5 33. Re1 Rxf5 34. Rh5 Kh8 35. Qh3 f6 36. Qxf5 Qg7 37. Re4 Rd8 38. Re1 Kg8 39. Qe6+ Qf7 40. Qxf7+ Kxf7 41. Rxh7+ Ke6 42. Ra7 Rc8 43. Re2 b3 44. axb3 axb3 45. c3 Rd8 46. g3 Rd1+ 47. Kg2 Kf5 48. Rb7 Kg6 49. Rxb3 Rd3 50. Rb6 Bc1 51. h4 Kf5 52. Rf2+ Kg4 53. Rbxf6 Rxg3+ 54. Kh2 Rh3+ 55. Kg2 Rg3+ 56. Kf1 Kxh4 57. Rh2+ Kg5 58. Rf8 Rd3 59. Rg2+ Kh5 60. Rh8+ Bh6 61. Rh2+ Kg4 62. R8xh6 Rf3+ 63. Ke2 Rf8 64. Rg2+ Kf4 65. Rf2+ Ke4 66. Rxf8 Kd5 67. Rd8+ Ke4 68. Rh4+ Kf5 69. b4 e4 70. b5 Ke5 71. Rxe4+ Kxe4 72. b6 Kf5 73. b7 Ke4 74. b8=Q 1-0


[Site "https://www.chess.com"]

[Event "Titled Tuesday Blitz April 19 Early 2022"]
[White "Qashashvili, Alexandre"]
[Black "Nugumanov, Bakhtiyar"]
[WhiteFideId "13600842"]
[BlackFideId "13701797"]
[WhiteElo "2316"]
[BlackElo "2262"]
[Result "1-0"]
[Round "09"]
[TimeControl "180+1"]
[Date "2022.04.19"]
[WhiteClock "0:00:04"]
[BlackClock "0:00:09"]

1. e3 d5 2. d4 e6 3. c4 Nf6 4. Nc3 a6 5. Nf3 dxc4 6. Bxc4 b5 7. Bd3 c5 8. dxc5 Bxc5 9. O-O O-O 10. b3 Bb7 11. e4 Bb4 12. Bb2 Nbd7 13. e5 Bxf3 14. gxf3 Nxe5 15. Be4 Nxe4 16. fxe4 Qg5+ 17. Kh1 Rfd8 18. Qe2 Nd3 19. Rg1 Qf6 20. Na4 Nxb2 21. Nxb2 Rd2 22. Qg4 Rxb2 23. f4 g6 24. f5 exf5 25. exf5 Qc6+ 26. Rg2 Rd8 27. fxg6 Rxg2 28. gxf7+ Kf8 29. Qxb4+ Rd6 30. Qxd6+ Qxd6 31. Kxg2 Qd2+ 32. Kh3 Qd3+ 33. Kg2 Qe2+ 34. Kg3 Qe3+ 35. Kg2 Kxf7 36. Rf1+ Kg7 37. Rf2 Qe4+ 38. Kf1 Qb1+ 39. Ke2 Qxa2+ 40. Ke3 Qxb3+ 41. Kf4 Qc4+ 42. Ke3 a5 43. Rg2+ Kf7 44. Rg5 Ke7 45. Re5+ Kd6 46. Re4 Qc3+ 47. Kf4 Qd2+ 48. Re3 b4 49. Ke4 Qc2+ 50. Rd3+ Kc5 51. Ke3 b3 52. Rd2 Qc3+ 53. Rd3 Qe1+ 54. Kf3 Qf1+ 55. Ke3 b2 56. Rc3+ Kb4 57. Rd3 Qxd3+ 58. Kxd3 1-0


[Site "https://www.chess.com"]

[Event "Titled Tuesday Blitz April 19 Early 2022"]
[White "Quirke, Jeffrey"]
[Black "Dwilewicz, Katarzyna"]
[WhiteFideId "2013029"]
[BlackFideId "1148486"]
[WhiteElo "2179"]
[BlackElo "1907"]
[Result "0-1"]
[Round "09"]
[TimeControl "180+1"]
[Date "2022.04.19"]
[WhiteClock "0:00:08"]
[BlackClock "0:00:04"]

1. d4 d5 2. c4 e6 3. Nc3 Bb4 4. cxd5 exd5 5. Bf4 c6 6. e3 Bd6 7. Bxd6 Qxd6 8. Bd3 Ne7 9. Qc2 b6 10. Nge2 Ba6 11. O-O Bxd3 12. Qxd3 Nd7 13. e4 dxe4 14. Nxe4 Qg6 15. Nf4 Qh6 16. g3 O-O 17. Rfe1 Nf6 18. Nc3 Ned5 19. Ncxd5 Nxd5 20. Nxd5 cxd5 21. Re5 Qd6 22. Rae1 Rac8 23. Qf5 Qb4 24. Qd3 Qxb2 25. Rxd5 Qxa2 26. Rd7 Rc2 27. Qf5 g6 28. Qf4 Rfc8 29. Ree7 Rc1+ 30. Kg2 Rf8 31. Rxa7 Qd5+ 32. Qf3 Rg1+ 0-1


[Site "https://www.chess.com"]

[Event "Titled Tuesday Blitz April 19 Early 2022"]
[White "Redor, Menandro"]
[Black "Mangialardo, Tiago Carvalho"]
[WhiteFideId "5222010"]
[BlackFideId "2130718"]
[WhiteElo "1986"]
[BlackElo "2049"]
[Result "0-1"]
[Round "09"]
[TimeControl "180+1"]
[Date "2022.04.19"]
[WhiteClock "0:00:39"]
[BlackClock "0:00:03"]

1. c3 Nf6 2. d4 c5 3. Bf4 g6 4. Nf3 Bg7 5. e3 O-O 6. dxc5 a5 7. Bd3 Na6 8. Nbd2 Nxc5 9. Bc2 a4 10. O-O d6 11. b4 axb3 12. axb3 Be6 13. Rxa8 Qxa8 14. c4 Nfd7 15. Nd4 Qa3 16. Bg3 Ne5 17. Bh4 Re8 18. Nb5 Qa5 19. Nf3 Bd7 20. Nxe5 Bxe5 21. Nd4 e6 22. Nf3 Bg7 23. Qxd6 Bc6 24. Nd4 Be4 25. Bxe4 Nxe4 26. Qd7 Ra8 27. Qxb7 Nd2 28. Qxf7+ Kxf7 29. Nxe6 Kxe6 30. Rd1 Nxb3 31. Bg3 Rd8 32. h3 Qc7 33. Bxc7 Rxd1+ 34. Kh2 Be5+ 35. Bxe5 Kxe5 36. f4+ Ke4 37. Kg3 Kxe3 38. Kg4 Rf1 39. g3 Nd4 40. c5 Rf3 41. Kg5 Rxg3+ 42. Kh6 Rxh3+ 43. Kg7 Ne6+ 44. Kf6 Nxc5 45. f5 gxf5 46. Kxf5 Rh4 47. Kg5 Rf4 48. Kh6 Ne6 49. Kh5 Ke4 50. Kh6 Kf5 51. Kh5 Rg4 52. Kh6 Rg6+ 53. Kh5 Nf4+ 54. Kh4 Rg4# 0-1


[Site "https://www.chess.com"]

[Event "Titled Tuesday Blitz April 19 Early 2022"]
[White "Reprintsev, Alexander"]
[Black "Weetik, Vjacheslav"]
[WhiteFideId "14100541"]
[BlackFideId "4153472"]
[WhiteElo "2108"]
[BlackElo "2469"]
[Result "0-1"]
[Round "09"]
[TimeControl "180+1"]
[Date "2022.04.19"]
[WhiteClock "0:00:20"]
[BlackClock "0:00:32"]

1. e4 c6 2. Nc3 d5 3. Nf3 dxe4 4. Nxe4 Nf6 5. Qe2 Nxe4 6. Qxe4 Nd7 7. Bc4 Nf6 8. Qe2 Bf5 9. d3 e6 10. Bd2 Bd6 11. O-O-O b5 12. Nh4 Bg4 13. f3 Bh5 14. Bb3 a5 15. g4 Bg6 16. a4 bxa4 17. Bxa4 O-O 18. Nxg6 hxg6 19. h4 Qb6 20. h5 Rfb8 21. b3 Ba3+ 22. Kb1 Qd4 23. Bc1 Nd5 0-1


[Site "https://www.chess.com"]

[Event "Titled Tuesday Blitz April 19 Early 2022"]
[White "Richter, Nils"]
[Black "Sztokbant, Bernardo Vainzoff"]
[WhiteFideId "12990809"]
[BlackFideId "2115956"]
[WhiteElo "2243"]
[BlackElo "2225"]
[Result "0-1"]
[Round "09"]
[TimeControl "180+1"]
[Date "2022.04.19"]
[WhiteClock "0:00:18"]
[BlackClock "0:00:08"]

1. c4 Nf6 2. g3 c5 3. Bg2 Nc6 4. Nc3 g6 5. a3 Bg7 6. b4 d6 7. Rb1 O-O 8. Nf3 Bg4 9. O-O Qd7 10. d3 Rab8 11. b5 Nd8 12. Bb2 Bh3 13. e4 Bxg2 14. Kxg2 Ne6 15. Nd5 Ne8 16. Bxg7 N6xg7 17. h4 e6 18. Nc3 Nf6 19. Qd2 Qe7 20. Qg5 Rfe8 21. Rfe1 Nd7 22. Qf4 Nh5 23. Qg5 Qxg5 24. hxg5 f6 25. Rbd1 Ng7 26. gxf6 Nxf6 27. d4 Rbd8 28. e5 Ng4 29. exd6 cxd4 30. Rxd4 Nf6 31. c5 Nf5 32. Rdd1 b6 33. c6 Rxd6 34. Rxd6 Nxd6 35. Ne5 Kf8 36. a4 Ke7 37. a5 Rb8 38. Ra1 bxa5 39. Rxa5 Nc8 40. Kf3 Kd6 41. Nf7+ Kc7 42. Ng5 Kd6 43. Nge4+ Nxe4 44. Kxe4 Kc5 45. Ra4 Nd6+ 46. Ke5 Nxb5 47. Nxb5 Rxb5 48. Rxa7 Kb6+ 49. Kd6 Kxa7 50. c7 Kb7 51. Kd7 Rc5 52. Kxe6 Rxc7 53. Kf6 Kc8 54. Kg5 Rf7 55. Kh6 Rxf2 56. g4 Rg2 57. g5 Kd7 58. Kxh7 Rxg5 0-1


[Site "https://www.chess.com"]

[Event "Titled Tuesday Blitz April 19 Early 2022"]
[White "Rodchenkov, Vitaly"]
[Black "Smietanska, Wiktoria"]
[WhiteFideId "4152964"]
[BlackFideId "21869359"]
[WhiteElo "2337"]
[BlackElo "1893"]
[Result "1-0"]
[Round "09"]
[TimeControl "180+1"]
[Date "2022.04.19"]
[WhiteClock "0:01:13"]
[BlackClock "0:01:32"]

1. Nf3 Nf6 2. c4 g6 3. b4 Bg7 4. Bb2 O-O 5. e3 d6 6. Be2 e5 7. d3 Nc6 8. b5 Ne7 9. Nbd2 Nd7 10. Qb3 f5 11. c5+ d5 12. Rc1 c6 13. a4 e4 14. Nd4 Ne5 15. O-O exd3 16. Bxd3 Nxd3 17. Qxd3 f4 18. N2f3 Nf5 19. bxc6 bxc6 20. Nxc6 Qd7 21. Bxg7 Kxg7 22. Nce5 Qe6 23. exf4 Ne7 24. Rfe1 Rxf4 25. Nxg6 Qxg6 26. Rxe7+ Kf8 27. Qe3 Rf6 28. Re1 Bh3 29. Nh4 Qg4 30. Qxh3 Qf4 31. Nf3 Rh6 32. Qd7 1-0


[Site "https://www.chess.com"]

[Event "Titled Tuesday Blitz April 19 Early 2022"]
[White "Rottenwohrer Suarez, Juan"]
[Black "Marczuk, Dominik"]
[WhiteFideId "32068182"]
[BlackFideId "1111264"]
[WhiteElo "2158"]
[BlackElo "1912"]
[Result "0-1"]
[Round "09"]
[TimeControl "180+1"]
[Date "2022.04.19"]
[WhiteClock "0:00:03"]
[BlackClock "0:00:12"]

1. d4 Nf6 2. c4 g6 3. g3 Bg7 4. Bg2 O-O 5. Nc3 d6 6. Nf3 Nbd7 7. O-O e5 8. e4 a5 9. h3 exd4 10. Nxd4 Nc5 11. Be3 Re8 12. Qc2 a4 13. Rad1 Bd7 14. Kh2 Ne6 15. Nde2 Qb8 16. f4 Bc6 17. Nd5 Nc5 18. e5 Nxd5 19. cxd5 Bb5 20. Bxc5 dxc5 21. Nc3 Bxf1 22. Rxf1 b5 23. h4 Qb6 24. h5 Rad8 25. Qe2 c4 26. Ne4 Kf8 27. Ng5 Kg8 28. Bh3 Bh6 29. Ne4 Bg7 30. hxg6 hxg6 31. Bg2 Qd4 32. Nc3 b4 33. Nb5 Qc5 34. d6 Qxb5 35. dxc7 Rc8 36. e6 Rxc7 37. exf7+ Rxf7 38. Qg4 Qd7 39. Qf3 Qe6 40. Bh3 Qe2+ 0-1


[Site "https://www.chess.com"]

[Event "Titled Tuesday Blitz April 19 Early 2022"]
[White "Rozman, Levy"]
[Black "Trost, Edvin"]
[WhiteFideId "2039877"]
[BlackFideId "1729519"]
[WhiteElo "2376"]
[BlackElo "2160"]
[Result "0-1"]
[Round "09"]
[TimeControl "180+1"]
[Date "2022.04.19"]
[WhiteClock "0:01:29"]
[BlackClock "0:01:36"]

1. d4 d5 2. Bf4 Nf6 3. Nc3 g6 4. e3 Bg7 5. Nb5 Na6 6. h3 O-O 7. Nf3 c6 8. Nc3 Nc7 9. Bd3 Ne6 10. Be5 c5 11. O-O b6 12. a4 Bb7 13. a5 Nd7 14. Bxg7 Kxg7 15. a6 Bc6 16. Nxd5 Bxd5 17. e4 Nxd4 18. Nxd4 cxd4 19. exd5 Nf6 20. Bc4 Nxd5 21. Qxd4+ Nf6 22. Qe3 Qc7 23. Bb3 Rad8 24. Rfe1 e6 25. Ra4 h5 26. Rc4 Qd6 27. Qc3 Rfe8 28. Ba4 Re7 29. Bc6 e5 30. b4 Qd2 31. b5 Qd6 32. Qa1 Ng8 33. Rce4 f6 34. f4 exf4 35. Rxe7+ Nxe7 0-1


[Site "https://www.chess.com"]

[Event "Titled Tuesday Blitz April 19 Early 2022"]
[White "Salem, A.R. Saleh"]
[Black "Moskalenko, Alexander"]
[WhiteFideId "9301348"]
[BlackFideId "4155351"]
[WhiteElo "2657"]
[BlackElo "2434"]
[Result "0-1"]
[Round "09"]
[TimeControl "180+1"]
[Date "2022.04.19"]
[WhiteClock "0:00:01"]
[BlackClock "0:00:26"]

1. Nf3 d5 2. g3 c6 3. Bg2 Bg4 4. h3 Bh5 5. O-O Nd7 6. d4 e6 7. c4 Ngf6 8. Qb3 Qb6 9. Nc3 Be7 10. Bf4 O-O 11. c5 Qa6 12. g4 Bg6 13. Nh4 b6 14. cxb6 axb6 15. Nxg6 hxg6 16. a4 Rfc8 17. Rfc1 c5 18. Nb5 c4 19. Qg3 Qa5 20. Rc2 Bf8 21. h4 Qb4 22. Bd2 Qb3 23. Qxb3 cxb3 24. Rxc8 Rxc8 25. g5 Ne4 26. Rc1 Rc2 27. Rxc2 bxc2 28. Bc1 f5 29. f3 Nd6 30. Na3 Nb8 31. Nxc2 Nc6 32. e3 b5 33. axb5 Nxb5 34. Bf1 Nc7 35. Bd2 e5 36. Kf2 Bd6 37. Bc3 e4 38. f4 Kf7 39. Be2 Be7 40. Ne1 Bd6 41. Nc2 Be7 42. Na1 Bb4 43. Ke1 Na8 44. Nb3 Nb6 45. Bb5 Bxc3+ 46. bxc3 Na7 47. Be2 Nc6 48. Kd1 Ke6 49. Nd2 Na5 50. Bb5 Ke7 51. Ke2 Kf7 52. Ke1 Ke7 53. Kd1 Kf7 54. Kc2 Ke7 55. Kc1 Kf7 56. Kd1 Ke7 57. Kc2 Kf7 58. c4 Naxc4 59. Nxc4 dxc4 60. Bc6 Ke7 61. Kd2 Kf7 62. Kc3 Ke7 63. Kc2 Kf7 64. Kd2 Ke7 65. Kc3 Kd6 66. Bb7 Kc7 67. Ba6 Nd5+ 68. Kxc4 Nxe3+ 69. Kc5 Ng2 70. Kd5 Kd7 71. Ke5 Nxh4 72. Bb5+ Ke7 73. Be2 Nf3+ 74. Kd5 Ng1 75. Bf1 e3 76. Bd3 e2 77. Bxe2 Nxe2 78. Kc6 Nxd4+ 0-1


[Site "https://www.chess.com"]

[Event "Titled Tuesday Blitz April 19 Early 2022"]
[White "Samunenkov, Ihor"]
[Black "Ibarra Jerez, Jose Carlos"]
[WhiteFideId "14187086"]
[BlackFideId "2226332"]
[WhiteElo "2409"]
[BlackElo "2626"]
[Result "0-1"]
[Round "09"]
[TimeControl "180+1"]
[Date "2022.04.19"]
[WhiteClock "0:00:02"]
[BlackClock "0:00:32"]

1. d4 Nf6 2. c4 d6 3. Nf3 g6 4. g3 Bf5 5. Bg2 Bg7 6. O-O O-O 7. Nc3 Ne4 8. Nh4 Nxc3 9. bxc3 Bc8 10. e4 c5 11. Be3 Nc6 12. f4 Na5 13. Qd3 b6 14. e5 Ba6 15. Rf2 Rc8 16. Re1 Nxc4 17. e6 f5 18. d5 Nxe3 19. Qxe3 b5 20. Bf1 Qa5 21. Rc1 b4 22. Bxa6 Qxa6 23. Nf3 bxc3 24. h4 Qc4 25. h5 gxh5 26. Kg2 Qxd5 27. Rh1 Rf6 28. Rxh5 Rxe6 29. Qc1 Rb8 30. Qh1 h6 31. Qh3 Rb2 32. Rxf5 Qxa2 33. Rf8+ Bxf8 34. Qxe6+ Qxe6 0-1


[Site "https://www.chess.com"]

[Event "Titled Tuesday Blitz April 19 Early 2022"]
[White "Sanchez, Robert"]
[Black "Nareks, Matic"]
[WhiteFideId "2034360"]
[BlackFideId "14629526"]
[WhiteElo "2389"]
[BlackElo "2147"]
[Result "0-1"]
[Round "09"]
[TimeControl "180+1"]
[Date "2022.04.19"]
[WhiteClock "0:01:01"]
[BlackClock "0:00:57"]

1. e4 c5 2. Nf3 Nc6 3. d4 cxd4 4. Nxd4 g6 5. c4 Nf6 6. Nc3 Nxd4 7. Qxd4 d6 8. Be3 Bg7 9. O-O-O Qa5 10. Kb1 O-O 11. Qd3 a6 12. f3 Be6 13. Nd5 Nxd5 14. cxd5 Bd7 15. Bd4 Bxd4 16. Qxd4 Rfc8 17. Bd3 Qc5 18. Qxc5 Rxc5 19. Rc1 Rac8 20. Rxc5 Rxc5 21. Rc1 Rxc1+ 22. Kxc1 g5 23. Kc2 Kg7 24. Kc3 Kf6 25. Kd4 e5+ 26. Kc3 Bc8 27. Kb4 b6 28. Bc2 g4 29. fxg4 Bxg4 30. Bd3 Bc8 31. g3 Kg5 32. Be2 f5 33. h4+ Kf6 34. Bf3 fxe4 35. Bxe4 Bf5 36. Bf3 e4 37. Be2 Bc8 38. Kc3 Ke5 39. Bc4 Bb7 40. a4 Bxd5 41. Bxa6 Bc6 42. Kb4 d5 43. Bb5 Bxb5 0-1


[Site "https://www.chess.com"]

[Event "Titled Tuesday Blitz April 19 Early 2022"]
[White "Sapunov, Evgeny"]
[Black "Hua, Lefong"]
[WhiteFideId "4126661"]
[BlackFideId "2602253"]
[WhiteElo "2470"]
[BlackElo "2604"]
[Result "1-0"]
[Round "09"]
[TimeControl "180+1"]
[Date "2022.04.19"]
[WhiteClock "0:01:41"]
[BlackClock "0:01:40"]

1. c4 Nf6 2. Nf3 g6 3. Nc3 Bg7 4. e4 d6 5. d4 O-O 6. Be2 Bg4 7. Be3 Nfd7 8. Rc1 c5 9. d5 Na6 10. O-O Nc7 11. Re1 e6 12. dxe6 Nxe6 13. Qxd6 Bxf3 14. Bxf3 Nd4 15. Bxd4 Bxd4 16. Nd5 Bxb2 17. Rb1 Be5 18. Qe7 b6 19. Bg4 Nf6 20. Qxe5 Nxg4 21. Ne7+ 1-0


[Site "https://www.chess.com"]

[Event "Titled Tuesday Blitz April 19 Early 2022"]
[White "Sarana, Alexey"]
[Black "Timofeev, Artyom"]
[WhiteFideId "24133795"]
[BlackFideId "4140419"]
[WhiteElo "2666"]
[BlackElo "2594"]
[Result "1/2-1/2"]
[Round "09"]
[TimeControl "180+1"]
[Date "2022.04.19"]
[WhiteClock "0:00:08"]
[BlackClock "0:00:21"]

1. d4 Nf6 2. c4 g6 3. Nc3 d5 4. cxd5 Nxd5 5. e4 Nxc3 6. bxc3 Bg7 7. Bc4 c5 8. Ne2 Nc6 9. Be3 O-O 10. Rc1 e5 11. dxc5 Qc7 12. O-O Rd8 13. Qa4 Bd7 14. Qa3 Bf8 15. f4 Na5 16. Bd5 Be6 17. c4 Bg4 18. fxe5 Rxd5 19. cxd5 Bxe2 20. Rf2 Ba6 21. Bd4 Nc4 22. Qg3 Bxc5 23. Bxc5 Qxc5 24. Kh1 Qd4 25. e6 fxe6 26. dxe6 Qxe4 27. Qh3 b5 28. Rf7 g5 29. Rcf1 Bb7 30. e7 Qxg2+ 31. Qxg2 Bxg2+ 32. Kxg2 Ne3+ 33. Kg3 Nxf1+ 34. Rxf1 Re8 35. Rf5 a6 36. Rxg5+ Kf7 37. Rh5 Kg7 38. Rg5+ Kf6 39. Rh5 Rxe7 40. Rh6+ Kg5 41. Rxa6 Re3+ 42. Kf2 Rc3 43. Ra5 Kg4 44. Rxb5 Rc2+ 45. Kg1 Rxa2 46. Rb4+ Kg5 47. Rb5+ 1/2-1/2


[Site "https://www.chess.com"]

[Event "Titled Tuesday Blitz April 19 Early 2022"]
[White "Sarkar, Justin"]
[Black "Al-Tarboush, Ward"]
[WhiteFideId "2010011"]
[BlackFideId "7601450"]
[WhiteElo "2038"]
[BlackElo "2276"]
[Result "1-0"]
[Round "09"]
[TimeControl "180+1"]
[Date "2022.04.19"]
[WhiteClock "0:00:10"]
[BlackClock "0:00:03"]

1. e4 e5 2. Nc3 Nf6 3. Bc4 Nc6 4. d3 Na5 5. Nge2 Nxc4 6. dxc4 Bc5 7. O-O d6 8. Ng3 h5 9. Bg5 h4 10. Nh5 Kf8 11. Bxh4 Bg4 12. Bxf6 Bxd1 13. Bxd8 Bxc2 14. Bxc7 Rc8 15. Rac1 Bd3 16. Rfd1 Bxc4 17. Bxd6+ Bxd6 18. Rxd6 Rxh5 19. Nd5 Ke8 20. b3 Rc6 21. Rxc6 bxc6 22. bxc4 cxd5 23. exd5 e4 24. Re1 f5 25. f3 Rh4 26. g3 Rh6 27. fxe4 fxe4 28. Rxe4+ Kd7 29. c5 Ra6 30. a4 Ra5 31. Rc4 g5 32. Kf2 Ra6 33. Ke3 Rf6 34. Re4 Rf5 35. Kd4 Rf1 36. c6+ Kc7 37. Re7+ Kb6 38. Rb7+ Ka6 39. d6 Rd1+ 40. Ke5 Re1+ 41. Kf6 g4 42. d7 Rd1 43. Ke7 Re1+ 44. Kd8 Rd1 45. Kc8 Ka5 46. d8=Q+ 1-0


[Site "https://www.chess.com"]